 Dungeon Crawl Stone Soup version 0.27-a0-1196-g3e9cee4cb2 (webtiles) character file.

Game seed: 17376303769130129289

956 dolemite99 the Black Crusader (level 7, -1/66 HPs)
             Began as a Troll Monk on May 27, 2021.
             Was a Priest of Yredelemnul.
             Succumbed to Dowan's poison
             ... on level 5 of the Dungeon on May 30, 2021.
             The game lasted 00:05:43 (2850 turns).

dolemite99 the Black Crusader (Troll Monk)          Turns: 2850, Time: 00:05:43

Health: -1/66      AC:  6    Str: 22    XL:     7   Next: 91%
Magic:  11/11      EV: 10    Int:  6    God:    Yredelemnul [***...]
Gold:   43         SH:  0    Dex: 12    Spells: 6/6 levels left

rFire    . . .     SeeInvis .     - Unarmed
rCold    . . .     Faith    .   (no shield)
rNeg     . . .     Spirit   .   a - +1 robe
rPois    .         Reflect  .   (helmet restricted)
rElec    .         Harm     .   n - +0 cloak
rCorr    .         Rampage  .   (gloves unavailable)
Will     .....                  (boots unavailable)
Stlth    ++........             (no amulet)
HPRegen  1.21/turn              (no ring)
MPRegen  0.12/turn              (no ring)

@: brilliant, lethally poisoned (-1 -> -14), hasted, very quick
A: large, unfitting armour, claws 3, regeneration 1, shaggy fur 1, tough skin 1
a: Renounce Religion, Recall Undead Slaves, Injury Mirror, Animate Dead


You were on level 5 of the Dungeon.
You worshipped Yredelemnul.
Yredelemnul was most pleased with you.
You visited 1 branch of the dungeon, and saw 5 of its levels.

You collected 138 gold pieces.
You spent 95 gold pieces at shops.

Inventory:

Missiles
 i - 10 poisoned darts (quivered)
 j - 3 curare-tipped darts
 l - 42 bolts
 m - 64 stones
Armour
 a - a +1 robe (worn)
 n - a +0 cloak (worn)
Jewellery
 b - a ring of flight
 d - a +4 ring of protection
 k - a ring of wizardry
Wands
 p - a wand of polymorph (8)
Scrolls
 c - 3 scrolls of blinking
 r - 2 scrolls of noise {unknown}
 s - a scroll of teleportation
Potions
 g - a potion of might {unknown}
 h - a potion of invisibility
 o - a potion of degeneration {unknown}
 q - a potion of ambrosia {unknown}


   Skills:
 - Level 2.4 Fighting
 - Level 2.4 Dodging
 - Level 1.0 Stealth
 * Level 5.4 Unarmed Combat
 - Level 7.1 Invocations


You had 6 spell levels left.
You didn't know any spells.
Your spell library contained the following spells:

 Spells                   Type           Power      Damage    Failure   Level
 Magic Dart               Conj           0%         1d3       45%         1
 Blink                    Tloc           N/A        N/A       58%         2
 Call Imp                 Summ           0%         N/A       58%         2
 Searing Ray              Conj           0%         3d3       58%         2
 Slow                     Hex            0%         N/A       58%         2
 Conjure Flame            Conj/Fire      0%         6-21      83%         3
 Dazzling Flash           Conj/Hex       0%         N/A       83%         3
 Mephitic Cloud           Conj/Pois/Air  0%         N/A       83%         3
 Fulminant Prism          Conj/Hex       0%         3d6       99%         4
 Iskenderun's Mystic Bla  Conj/Tloc      0%         2d3       99%         4


Dungeon Overview and Level Annotations

Branches:
Dungeon (5/15)
 Temple: D:4-7

Altars:
Yredelemnul

Shops:
D:3 *

Annotations:
D:5 Dowan


Innate Abilities, Weirdness & Mutations

You are too large for most types of armour.
You have claws for hands.
Your natural rate of healing is unusually fast.
You are covered in fur. (AC +1)
You have tough skin. (AC +1)


Message History

The phantom is heavily damaged.
You scratch the phantom.
The phantom is severely damaged.
The phantom hits you.
The phantom blinks!
You blink.
Yredelemnul mirrors your injury!
The phantom is almost destroyed.
Found five items.
You claw the phantom!
You destroy the phantom!
Yredelemnul accepts your kill.
Dowan says, "How can I live without her?"
Your Unarmed Combat skill increases to level 5!
Dowan hits you but does no damage.
You are poisoned.
You closely miss Dowan.
You feel sick. Dowan hits you but does no damage.
You are more poisoned.
You barely miss Dowan.
You feel sick. Dowan gestures at you while chanting. The shard of ice hits you!
* * * LOW HITPOINT WARNING * * *
Yredelemnul mirrors your injury!
Dowan is severely wounded.
Dowan closely misses you.
You miss Dowan.
Dowan is severely wounded.
You feel very sick. Dowan hits you but does no damage.
You are more poisoned.
You feel yourself speed up.
Your dark mirror aura disappears.
* * * LOW HITPOINT WARNING * * *
You feel very sick. Dowan closely misses you.
Dowan hits you with a +1 dagger of venom.
* * * LOW HITPOINT WARNING * * *
You are more poisoned.
It was a potion of brilliance.
You feel clever all of a sudden.
You die...
Your body rises from the dead as a mindless zombie.

#.#....## #.# ?.......
..# ###.....###.## #
......... ... .#
....[...# #.# .#
........###.# #.#####
.......)§...# .......
........###e###.......
............@.........
....##..###.##..(.....
..§ #.e#....#......$)
.. ...#.#..#.......? .
###........#.##### (..
#..###?# ##. #. .# ..
#. .#


You could see Dowan (fast).

Vanquished Creatures
  Grinder (D:5)
  Menkaure (D:4)
  Edmund (D:5)
  Duvessa (D:5)
  An ogre (D:4)
  A phantom (D:5)
  A bullfrog zombie (D:5)
  An orc wizard (D:4)
  A hound skeleton (D:4)
  An adder (D:3)
  An adder skeleton (D:2)
  2 worms (D:3)
  4 orcs (D:4)
  4 ball pythons
  5 bats
  10 endoplasms
  3 giant cockroaches
  A goblin (D:4)
  11 hobgoblins
  3 jackals (D:3)
  A quokka (D:5)
  6 frilled lizards
  8 kobolds
  2 rats
71 creatures vanquished.

Vanquished Creatures (collateral kills)
  2 howler monkeys (D:4)
  A jelly (D:5)
  A hound (D:4)
  A hound skeleton (D:4)
  A worm (D:4)
  A jackal skeleton (D:4)
7 creatures vanquished.

Vanquished Creatures (others)
  A wight (D:5)
  An orc wizard (D:4)
2 creatures vanquished.

Grand Total: 80 creatures vanquished

Notes
Turn   | Place    | Note
-------+----------+-------------------------------------------
     0 | D:1      | dolemite99 the Troll Monk began the quest for the Orb.
     0 | D:1      | Reached XP level 1. HP: 22/22 MP: 0/0
    56 | D:1      | Found a faded altar of an unknown god.
    67 | D:1      | Became a worshipper of Yredelemnul the Dark
    67 | D:1      | Reached * piety under Yredelemnul
    67 | D:1      | Reached ** piety under Yredelemnul
   289 | D:1      | Reached XP level 2. HP: 24/29 MP: 1/1
   302 | D:1      | Reached *** piety under Yredelemnul
   647 | D:2      | Reached XP level 3. HP: 33/36 MP: 2/2
  1329 | D:3      | Found Hiehediu's General Store.
  1332 | D:3      | Bought a scroll of blinking for 75 gold pieces
  1332 | D:3      | Bought a scroll of identify for 20 gold pieces
  1994 | D:3      | Reached XP level 4. HP: 44/44 MP: 3/3
  2138 | D:4      | Noticed Menkaure
  2147 | D:4      | Killed Menkaure
  2148 | D:4      | Reached skill level 3 in Invocations
  2148 | D:4      | Reached XP level 5. HP: 20/50 MP: 3/6
  2200 | D:4      | Upgraded the game from 0.27-a0-1193-g8631133539 to
                  | 0.27-a0-1196-g3e9cee4cb2
  2276 | D:4      | Noticed an ogre
  2280 | D:4      | Killed an ogre
  2281 | D:4      | Reached skill level 4 in Invocations
  2281 | D:4      | Reached XP level 6. HP: 59/59 MP: 6/8
  2324 | D:4      | Received a gift from Yredelemnul (a wight)
  2625 | D:4      | Reached skill level 5 in Invocations
  2800 | D:5      | Entered Level 5 of the Dungeon
  2803 | D:5      | Noticed Edmund
  2805 | D:5      | Noticed Grinder
  2811 | D:5      | Noticed Duvessa
  2812 | D:5      | Killed Edmund
  2812 | D:5      | Reached **** piety under Yredelemnul
  2812 | D:5      | Noticed Dowan
  2813 | D:5      | Reached XP level 7. HP: 58/66 MP: 8/10
  2823 | D:5      | Killed Duvessa
  2824 | D:5      | Reached skill level 6 in Invocations
  2828 | D:5      | Killed Grinder
  2829 | D:5      | Reached skill level 7 in Invocations
  2845 | D:5      | Reached skill level 5 in Unarmed Combat
  2849 | D:5      | HP: 2/66 [Dowan/+1 dagger of venom (6)]
  2850 | D:5      | Succumbed to Dowan's poison

Illustrated notes

Levels and vault maps discovered:
D:1:      nzn_arrival_water_spiral, layout_rooms, shapermc_ecumenical_altar_gd,
          serial_bayou_pond_e, minmay_close_crescents
D:2:      layout_loops_ring, minmay_misc_feat_alley
D:3:      layout_basic, serial_shops, shop
D:4:      layout_basic, kennysheep_generic_room_12, uniq_menkaure
D:5:      layout_basic, grunt_temple_overflow_open, uniq_duvessa, uniq_edmund,
          uniq_grinder

Skill      XL: |  1  2  3  4  5  6  7 |
---------------+----------------------+-----
Unarmed Combat | 4 5 |  5.4
Invocations    | 3 4 5 7 |  7.1
Fighting       | |  2.4
Dodging        | |  2.4
Stealth        | |  1.0

Action                   |  1- 3 |  4- 6 |  7- 9 || total
-------------------------+-------+-------+-------++-------
Melee: Unarmed           |    93 |    60 |    27 ||   180
       Punch             |     1 |     1 |     2 ||     4
Throw: Dart              |    16 |     2 |       ||    18
       Stone             |     2 |       |       ||     2
Invok: Animate Dead      |       |     2 |       ||     2
       Injury Mirror     |       |       |     2 ||     2
  Use: Scroll            |     5 |     1 |       ||     6
       Potion            |       |       |     2 ||     2
 Stab: Sleeping          |     5 |     2 |       ||     7
       Distracted        |       |     1 |       ||     1
Armor: Robe              |    23 |    19 |     7 ||    49
Dodge: Dodged            |    41 |    17 |     9 ||    67

Table legend: (Time is in decaauts)
 A = Elapsed time spent in this place.
 B = Non-inter-level travel time spent in this place.
 C = Inter-level travel time spent in this place.
 D = Time resting spent in this place.
 E = Time spent auto-exploring this place.
 F = Levels seen in this place.
 G = Mean time per level.
                   A        B        C        D        E       F      G
               +--------+--------+--------+--------+--------+-----+--------+
         Total |   2833 |   2749 |     84 |     30 |   2065 |   5 |  566.6 |
       Dungeon |   2833 |   2749 |     84 |     30 |   2065 |   5 |  566.6 |
               +--------+--------+--------+--------+--------+-----+--------+

Top non-repeatable levels by time:
     D:3: 827 daAuts
     D:2: 747 daAuts
     D:4: 721 daAuts
     D:1: 490 daAuts
     D:5: 46 daAuts
